 Dungeon Sprint DCSS version 0.29-a0-40-g8eb35efe60 (webtiles) character file.

Game seed: 2782782861545483573

8895 mhtbhm the Severer (level 11, -6/111 HPs)
             Began as a Minotaur Fighter on Feb 2, 2022.
             Was an Initiate of Gozag.
             Mangled by an ice devil (18 damage)
             ... in the Dungeon (Sprint VII: "The Pits").
             The game lasted 00:03:53 (2435 turns).

mhtbhm the Severer (Minotaur Fighter)               Turns: 2435, Time: 00:03:54

Health: -6/111     AC: 24    Str: 26    XL:     11   Next: 15%
Magic:  10/10      EV: 10    Int:  5    God:    Gozag
Gold:   2790       SH:  7    Dex: 12    Spells: 10/10 levels left

rFire   . . .      SeeInvis .   a - +1 broad axe (freeze)
rCold   . . .      Faith    .   c - +0 buckler
rNeg    . . .      Spirit   .   b - +4 chain mail {rPois}
rPois   +          Reflect  .   (helmet restricted)
rElec   .          Harm     .   q - +0 cloak
rCorr   .          Rampage  .   (no gloves)
Will    .....      NoTele   +   r - +0 pair of boots
Stlth   ..........              (no amulet)
HPRegen 0.28/turn               n - +3 ring of protection
MPRegen 0.12/turn               o - +3 ring of dexterity

@: slowed, very slow
A: horns 2, retaliatory headbutt
a: Renounce Religion, Potion Petition, Call Merchant, Bribe Branch


You were in the Dungeon.
You worshipped Gozag.
Gozag was most pleased with you.
You visited 1 branch You collected 4140 gold pieces.
You paid 1350 gold pieces to Gozag.

Inventory:

Hand Weapons
 a - a +1 broad axe of freezing (weapon)
Armour
 b - a +4 chain mail of poison resistance (worn)
 c - a +0 buckler (worn)
 q - a +0 cloak (worn)
 r - a +0 pair of boots (worn)
Jewellery
 n - a +3 ring of protection (left hand)
 o - a +3 ring of dexterity (right hand)
Scrolls
 j - a scroll of blinking
 l - 5 scrolls of amnesia
 m - a scroll of summoning
Potions
 d - a potion of might
 e - 7 potions of curing
 f - 11 potions of heal wounds
 g - 2 potions of haste
 h - 4 potions of magic
 i - 2 potions of berserk rage
 k - 2 potions of invisibility
 p - a potion of brilliance


   Skills:
 + Level 14.9 Fighting
 + Level 18.9 Axes
 + Level 16.4 Armour
 + Level 3.4 Dodging
 + Level 3.7 Stealth
 + Level 14.7 Shields


You had 10 spell levels left.
You didn't know any spells.
Your spell library was empty.

Dungeon Overview and Level Annotations

Branches:
Dungeon (1/1)

Altars:
Ashenzari
Cheibriados
Dithmenos
Elyvilon
Fedhas
Gozag
Hepliaklqana
Kikubaaqudgha
Makhleb
Nemelex Xobeh
Okawaru
Qazlal
Ru
Sif Muna
Trog
Uskayaw
Vehumet
Wu Jian
Xom
Yredelemnul
Zin
The Shining One
Beogh
Jiyva
Lugonu


Innate Abilities, Weirdness & Mutations

You have a pair of horns on your head.
You reflexively headbutt those who attack you in melee.


Message History

You barely miss the freezing wraith. You slash something! You freeze something.
You slash the ice devil! You barely miss something.
Something hits you but does no damage. You block the ice devil's attack.
The quokka zombie is distracted by your dazzling golden aura.
You block something's attack. The freezing wraith barely misses you.
You furiously retaliate!
You headbutt the freezing wraith, but do no damage.
The freezing wraith barely misses you.
You slash the freezing wraith! You headbutt the freezing wraith.
The freezing wraith is moderately damaged.
You barely miss something. You barely miss the ice devil.
You closely miss something. Something hits you.
The ice devil hits you but does no damage.
A manticore comes into view.
Something hits you! Something drains your vigour!
You feel as though you will be slow longer.
The freezing wraith hits you but does no damage.
The freezing wraith barely misses you. The ice devil hits you.
The ice devil freezes you!!
* * * LOW HITPOINT WARNING * * *
Something hits you.
* * * LOW HITPOINT WARNING * * *
Something drains your vigour!
You feel as though you will be slow longer.
You slice the freezing wraith!!
The freezing wraith is severely damaged.
You slash something! You freeze something. You barely miss the ice devil.
You slash something! You freeze something.
The manticore flicks its tail.
The volley of spikes hits something!!
Something hits you but does no damage. The freezing wraith hits you.
* * * LOW HITPOINT WARNING * * *
The freezing wraith freezes you!
* * * LOW HITPOINT WARNING * * *
The freezing wraith closely misses you. You block something's attack.
The ice devil hits you.
* * * LOW HITPOINT WARNING * * *
The ice devil freezes you!!
You die...
Your body crumbles into a pile of gold.

### ########### #### ##
.#...'....###...# .##
##...###...#...# ...#
.+...'.##.....#### ...#
.##'##..##)..##..##H.# .
##...##..+)).#..........
#.....#..#)..#$.4{#..#..
')....'..'...)$.@WC.....
#.....#..#...#....#..#..
##...##..+...#....Z.....
$ .##'##..##...##..##..#
. .+...+.##.....####
...# ##...###...#...#
...# $ $
.#...+....###...# .## $
########## #### ##


You could see a manticore, a cyclops, an ice devil, a freezing wraith and a
quokka zombie.

Vanquished Creatures
  A nagaraja (D)
  A two-headed ogre (D)
  An alligator snapping turtle (D)
  A death yak (D)
  3 skeletal warriors (D)
  A deep troll (D)
  A bog body (D)
  An elephant (D)
  A rime drake (D)
  A demonic crawler (D)
  A freezing wraith (D)
  An unseen horror (D)
  A wyvern (D)
  A fire elemental (D)
  A redback (D)
  A vampire mosquito (D)
  2 wargs (D)
  A water moccasin (D)
  An acid dragon (D)
  An ice beast (D)
  A sky beast (D)
  2 swamp drakes (D)
  2 necrophages (D)
  An ogre (D)
  A centaur (D)
  2 phantoms (D)
  A kobold brigand (D)
  2 scorpions (D)
  6 killer bees (D)
  A crimson imp (D)
  A hound (D)
  2 adders (D)
  2 ufetubi (D)
  A worm (D)
  A ball python (D)
  A bat zombie (D)
  2 hobgoblins (D)
  A kobold (D)
  3 goblins (D)
  A quokka zombie (D)
  A rat (D)
58 creatures vanquished.

Notes
Turn   | Place    | Note
-------+----------+-------------------------------------------
     0 | D        | mhtbhm the Minotaur Fighter began the quest for the Orb.
     0 | D        | Reached XP level 1. HP: 19/19 MP: 0/0
    23 | D        | Found a bloodstained altar of Trog.
    23 | D        | Found a shimmering blue altar of Sif Muna.
    23 | D        | Found a viscous altar of Jiyva.
    23 | D        | Found a hazy altar of Hepliaklqana.
    23 | D        | Found an opulent altar of Gozag.
    24 | D        | Found a glowing golden altar of the Shining One.
    24 | D        | Found a glowing silver altar of Zin.
    24 | D        | Found a basalt altar of Yredelemnul.
    24 | D        | Found a shimmering altar of Xom.
    24 | D        | Found an ornate altar of the Wu Jian Council.
    24 | D        | Found a sacrificial altar of Ru.
    24 | D        | Found a stormy altar of Qazlal.
    24 | D        | Found an iron altar of Okawaru.
    24 | D        | Found a sparkling altar of Nemelex Xobeh.
    24 | D        | Found a burning altar of Makhleb.
    24 | D        | Found a blossoming altar of Fedhas.
    24 | D        | Found a white marble altar of Elyvilon.
    24 | D        | Found a shadowy altar of Dithmenos.
    24 | D        | Found a snail-covered altar of Cheibriados.
    26 | D        | Found a radiant altar of Vehumet.
    26 | D        | Found a corrupted altar of Lugonu.
    27 | D        | Found a hide-covered altar of Uskayaw.
    27 | D        | Found an ancient bone altar of Kikubaaqudgha.
    27 | D        | Found a broken altar of Ashenzari.
    31 | D        | Became a worshipper of Gozag Ym Sagoz the Greedy
    75 | D        | Reached skill level 3 in Axes
    75 | D        | Reached XP level 2. HP: 28/28 MP: 1/1
    79 | D        | Noticed a scorpion
    89 | D        | Killed a scorpion
    90 | D        | Reached skill level 4 in Axes
    90 | D        | Reached XP level 3. HP: 25/37 MP: 2/2
    90 | D        | Reached XP level 4. HP: 30/44 MP: 3/3
   301 | D        | Noticed an ogre
   314 | D        | Killed an ogre
   315 | D        | Reached skill level 5 in Axes
   315 | D        | Reached XP level 5. HP: 17/53 MP: 4/4
   473 | D        | Noticed a phantom
   483 | D        | Killed a phantom
   484 | D        | Reached skill level 6 in Axes
   485 | D        | Noticed a warg
   499 | D        | Killed a warg
   500 | D        | Reached skill level 7 in Axes
   500 | D        | Reached XP level 6. HP: 36/63 MP: 5/5
   632 | D        | Noticed a sky beast
   647 | D        | Killed a sky beast
   648 | D        | Reached skill level 8 in Axes
   648 | D        | Reached skill level 10 in Shields
   667 | D        | Noticed a warg
   676 | D        | Killed a warg
   677 | D        | Reached skill level 10 in Armour
   677 | D        | Reached XP level 7. HP: 55/71 MP: 6/6
   752 | D        | Noticed a vampire mosquito
   760 | D        | Killed a vampire mosquito
   761 | D        | Reached skill level 10 in Fighting
   761 | D        | Reached skill level 9 in Axes
   761 | D        | Reached skill level 1 in Stealth
   941 | D        | Noticed a death yak
   961 | D        | Killed a death yak
   962 | D        | Reached skill level 11 in Axes
   962 | D        | Reached skill level 1 in Dodging
   962 | D        | Reached XP level 8. HP: 64/82 MP: 7/7
  1395 | D        | Noticed a deep troll
  1396 | D        | Noticed a two-headed ogre
  1409 | D        | Killed a two-headed ogre
  1410 | D        | Reached skill level 12 in Axes
  1410 | D        | Reached XP level 9. HP: 45/90 MP: 8/8
  1412 | D        | Killed a deep troll
  1413 | D        | Reached skill level 13 in Axes
  1634 | D        | Reached skill level 14 in Axes
  1776 | D        | Noticed a demonic crawler
  1780 | D        | Noticed a bog body
  1783 | D        | Noticed a rime drake
  1784 | D        | Killed a demonic crawler
  1789 | D        | Killed a bog body
  1790 | D        | Reached skill level 15 in Axes
  1790 | D        | Reached XP level 10. HP: 88/101 MP: 9/9
  1808 | D        | Reached skill level 15 in Armour
  1964 | D        | Reached skill level 16 in Axes
  2091 | D        | Noticed a skeletal warrior
  2096 | D        | Noticed a nagaraja
  2096 | D        | Noticed a skeletal warrior
  2100 | D        | Noticed an elephant
  2106 | D        | Killed a skeletal warrior
  2106 | D        | Noticed a skeletal warrior
  2107 | D        | Reached skill level 17 in Axes
  2111 | D        | Killed a nagaraja
  2115 | D        | Killed a skeletal warrior
  2115 | D        | Killed an elephant
  2116 | D        | Reached skill level 18 in Axes
  2119 | D        | Killed a skeletal warrior
  2120 | D        | Reached XP level 11. HP: 96/111 MP: 10/10
  2296 | D        | Noticed an alligator snapping turtle
  2310 | D        | Killed an alligator snapping turtle
  2435 | D        | Mangled by an ice devil

Illustrated notes

Levels and vault maps discovered:
D:        pitsprint [storerooms_1, entrance_room_1, metal_vault_6, armoury_1,
          mini_pit_1, grid_room_1, main_hall_1, silver_pit, the_coven_3,
          the_vestibule_1, steel_vault_3, golden_pit, hallway_of_sentries,
          crystal_vault_3, iron_vault_1, final_vault]

Skill      XL: |  1  2  3  4  5  6  7  8  9 10 |
---------------+-------------------------------+-----
Fighting       | 4 6 7 9 11 12 13 14 | 14.9
Axes           | 3 4 5 7 8 11 12 15 18 | 18.9
Armour         | 4 6 7 9 10 12 13 14 16 | 16.4
Shields        | 4 6 7 9 10 11 12 13 14 | 14.7
Stealth        | 1 2 3 |  3.7
Dodging        | 1 2 3 |  3.4

Action                   |  1- 3 |  4- 6 |  7- 9 | 10-12 || total
-------------------------+-------+-------+-------+-------++-------
Melee: Hand axe          |    12 |    57 |    47 |       ||   116
       War axe           |     2 |       |       |       ||     2
       Headbutt          |     3 |     8 |    19 |    15 ||    45
       Broad axe         |       |       |    45 |    67 ||   112
Invok: Potion Petition   |       |       |       |     2 ||     2
  Use: Potion            |       |     1 |     4 |       ||     5
 Stab: Distracted        |       |       |       |     1 ||     1
       Confused          |       |       |       |     1 ||     1
Armor: Scale mail        |     8 |     3 |       |       ||    11
       Chain mail        |       |    17 |    49 |    38 ||   104
Dodge: Dodged            |     6 |    14 |    25 |    18 ||    63
Block: Buckler           |     7 |    14 |    32 |    16 ||    69

Table legend: (Time is in decaauts)
 A = Elapsed time spent in this place.
 B = Non-inter-level travel time spent in this place.
 C = Inter-level travel time spent in this place.
 D = Time resting spent in this place.
 E = Time spent auto-exploring this place.
 F = Levels seen in this place.
 G = Mean time per level.
                   A        B        C        D        E       F      G
               +--------+--------+--------+--------+--------+-----+--------+
         Total |   2405 |   2405 |      0 |   1664 |     81 |   1 | 2405.0 |
       Dungeon |   2405 |   2405 |      0 |   1664 |     81 |   1 | 2405.0 |
               +--------+--------+--------+--------+--------+-----+--------+

Top non-repeatable levels by time:
       D: 2405 daAuts
